 Dungeon Crawl Stone Soup version 0.31.0-11-ge490571c62 (webtiles) character file.

Game seed: 5659651609566236757

499 bnorton916 the Conjurer (level 6, -3/32 HPs)
             Began as a Deep Elf Conjurer on Jan 31, 2024.
             Was an Initiate of Gozag.
             Slain by a gnoll
             ... wielding a +0 halberd
              (10 damage)
             ... on level 5 of the Dungeon.
             The game lasted 00:07:10 (5486 turns).

bnorton916 the Conjurer (Deep Elf Conjurer)         Turns: 5486, Time: 00:07:11

Health: -3/32      AC:  2    Str:  4    XL:     6   Next: 94%
Magic:  8/17       EV: 12    Int: 25    God:    Gozag
Gold:   238        SH:  0    Dex: 13    Spells: 6/17 levels left

rFire   . . .        p - +1 dagger of the Desert {vamp, rC+}
rCold   + . .        (no shield)
rNeg    . . .        a - +0 robe
rPois   .            (no helmet)
rElec   .            (no cloak)
rCorr   .            (no gloves)
SInv    .            (no boots)
Will    .....        (no amulet)
Stlth   ++           (no ring)
HPRegen 0.25/turn    (no ring)
MPRegen 0.15/turn

%: no passive effects
@: gold aura
A: no striking features
a: Renounce Religion, Potion Petition, Call Merchant, Bribe Branch


You were on level 5 of the Dungeon.
You worshipped Gozag.
Gozag was aware of your devotion.
You visited 2 branches of the dungeon, and saw 6 of its levels.

You collected 301 gold pieces.
You paid 63 gold pieces to Gozag.

Inventory:

Hand Weapons
 p - the +1 dagger of the Desert (weapon) {vamp, rC+}
   (You found it on level 4 of the Dungeon)

   rC+:       It protects you from cold.
 q - a +4 short sword
Missiles
 f - 15 poisoned darts
Armour
 a - a +0 robe (worn)
 i - a +0 ring mail of fire resistance
Scrolls
 c - a scroll of silence
 d - 2 scrolls of enchant armour
 j - 3 scrolls of teleportation
 n - 2 scrolls of immolation
 o - a scroll of amnesia
 r - a scroll of poison
 s - a scroll of blinking {unknown}
Potions
 b - a potion of magic
 e - a potion of brilliance {unknown}
 g - a potion of resistance {unknown}
 h - 3 potions of mutation
 k - 2 potions of attraction
 l - a potion of curing {unknown}
 m - 3 potions of haste {unknown}


   Skills:
 - Level 2.4 Dodging
 - Level 2.4 Stealth
 + Level 6.4 Spellcasting
 + Level 6.5 Conjurations
 + Level 2.7 Translocations
 + Level 2.6 Alchemy


You had 6 spell levels left.
You knew the following spells:

 Your Spells              Type           Power      Damage    Failure   Level
a - Magic Dart            Conj           100%       1d8       1%          1
b - Searing Ray           Conj           80%        2d7       1%          2
c - Iskenderun's Mystic   Conj/Tloc      31%        2d8       11%         4
d - Fulminant Prism       Conj/Alch      15%        3d10      11%         4

Your spell library contained the following spells:

 Spells                   Type           Power      Damage    Failure   Level
 Stone Arrow              Conj/Erth      48%        3d10      5%          3
 Sandblast                Erth           16%        2d6       7%          1
 Brom's Barrelling Bould  Conj/Erth      24%        2d5       19%         4
 Passwall                 Erth           8%         N/A       22%         3
 Olgreb's Toxic Radiance  Alch           21%        N/A       24%         4
 Ozocubu's Refrigeration  Ice            4%         4d8       100%        7
 Discord                  Hex            4%         N/A       100%        8


Dungeon Overview and Level Annotations

Branches:
Dungeon (5/15)             Temple (1/1) D:4

Altars:
Cheibriados
Fedhas
Gozag
Hepliaklqana
Kikubaaqudgha
Nemelex Xobeh
Okawaru
Vehumet
Wu Jian
The Shining One

Shops:
D:2 :   D:4 :


Message History

Casting: Magic Dart (safe; 1% risk of failure)
Confirm with . or Enter, or press ? or * to list all spells.
Aiming: Fulminant Prism (quite dangerous; 11% risk of failure)
Press: ? - help, Dir - move target You conjure a prism of explosive energy!
The gnoll shouts! x2
A fulminant prism comes into view.
Unknown command.
Your fulminant prism crackles loudly.
You hear an explosion!
You feel a bit more experienced. x2
The gnoll closely misses you. The gnoll barely misses you.
There is an open door here.
Casting: Fulminant Prism (quite dangerous; 11% risk of failure)
Confirm with . or Enter, or press ? or * to list all spells.
Aiming: Searing Ray (safe; 1% risk of failure)
Press: ? - help, Shift-Dir - straight line, f - gnoll
Aim: a gnoll, wielding a +0 halberd (84% to hit)
The searing ray hits the gnoll!
The gnoll is almost dead. (Press . to maintain the ray.)
The gnoll hits you from afar with a +0 halberd!
The searing ray misses the gnoll.
The gnoll hits you from afar with a +0 halberd!
Unknown command.
The searing ray misses the gnoll.
The gnoll hits you from afar with a +0 halberd.
* * * LOW HITPOINT WARNING * * *
Unknown command.
Casting: Searing Ray (safe; 1% risk of failure)
Confirm with . or Enter, or press ? or * to list all spells.
Restarting spell: Searing Ray (safe; 1% risk of failure)
Press: ? - help, Shift-Dir - straight line, f/p - gnoll
Aim: a gnoll, wielding a +0 halberd (almost dead, 84% to hit)
The searing ray misses the gnoll. (Press . to maintain the ray.)
The gnoll hits you from afar with a +0 halberd!
You die...
Your body crumbles into a pile of gold.

.................
.................
.........######## .........#
.. #########.....# ..
#.......#.....# ..
#.......#.....########
#.......#.............
#########..@..#.............
#.....####'####.............
#..)......g...#.............
#.............'...>.........
#.............#.............
#.....###.....#..........<..
#.....# ##'####.....########
#............ #.....#
#......*...$..#.....#


You could see a gnoll.

Vanquished Creatures
  A scorpion (D:4)
  A bombardier beetle (D:5)
  A gnoll bouda (D:4)
  A hound (D:5)
  A jelly (D:4)
  Natasha (thrice) (D:2)
  An orc wizard (D:4)
  6 gnolls
  4 adders
  A white imp (D:4)
  3 ufetubi
  A dart slug (D:4)
  2 ribbon worms
  6 orcs
  8 ball pythons
  11 endoplasms
  2 giant cockroaches
  6 goblins
  7 hobgoblins
  6 jackals (D:2)
  2 quokkas
  7 bats
  4 frilled lizards
  8 kobolds
  5 rats
98 creatures vanquished.

Vanquished Creatures (others)
  4 fulminant prisms
4 creatures vanquished.

Grand Total: 102 creatures vanquished

Notes
Turn   | Place    | Note
-------+----------+-------------------------------------------
     0 | D:1      | bnorton916 the Deep Elf Conjurer began the quest for the
                  | Orb.
     0 | D:1      | Reached XP level 1. HP: 10/10 MP: 6/6
   170 | D:1      | Reached XP level 2. HP: 15/15 MP: 5/8
   173 | D:1      | Learned a level 2 spell: Searing Ray
   339 | D:1      | Found a faded altar of an unknown god.
  1016 | D:2      | Found Yripiloo's Book Shop.
  1045 | D:2      | Reached skill level 5 in Conjurations
  1045 | D:2      | Reached XP level 3. HP: 19/19 MP: 4/10
  1607 | D:2      | Noticed Natasha
  1611 | D:2      | Killed Natasha
  1612 | D:2      | Reached XP level 4. HP: 24/24 MP: 7/12
  2268 | D:2      | Noticed Natasha
  2277 | D:2      | Learned a level 4 spell: Iskenderun's Mystic Blast
  2282 | D:2      | Learned a level 4 spell: Fulminant Prism
  2285 | D:2      | Killed Natasha
  2286 | D:2      | Reached skill level 5 in Spellcasting
  2382 | D:2      | Noticed Natasha
  2385 | D:2      | Killed Natasha
  2386 | D:2      | Reached XP level 5. HP: 28/28 MP: 9/14
  3437 | D:3      | Found a faded altar of an unknown god.
  3441 | D:3      | Found a hazy altar of Hepliaklqana.
  3548 | D:4      | Identified the +1 dagger of the Desert {vamp, rC+}
  3589 | D:4      | Reached skill level 1 in Translocations
  3594 | D:4      | Reached skill level 1 in Alchemy
  3722 | D:4      | Found Roewuere's Self-Published Books.
  3778 | D:4      | Found an ancient bone altar of Kikubaaqudgha.
  3821 | D:4      | Reached XP level 6. HP: 32/32 MP: 11/16
  3886 | D:4      | Identified the +6 sling of Jeirgh {flame, rPois rF+ Will-}
  4092 | D:4      | Found a radiant altar of Vehumet.
  4171 | D:4      | Found a glowing golden altar of the Shining One.
  4694 | D:4      | Found a staircase to the Ecumenical Temple.
  4703 | Temple   | Entered the Ecumenical Temple
  4722 | Temple   | Became a worshipper of Gozag Ym Sagoz the Greedy
  4796 | D:5      | Entered Level 5 of the Dungeon
  5486 | D:5      | Slain by a gnoll

Illustrated notes

Levels and vault maps discovered:
D:1:      minmay_arrival_shattered_statue, layout_loops_ring,
          ebering_ecumenical_altar_petrified, serial_forest,
          infiniplex_forest_clump_diagonal, infiniplex_forest_zigzag_1,
          infiniplex_forest_lined_room_2, infiniplex_forest_lined_room_2,
          infiniplex_forest_lined_2, infiniplex_forest_clump_C
D:2:      layout_loops_ring, serial_shops, nicolae_shop_real_fake_doors,
          nicolae_concentric_dashed_squares_mild, minmay_misc_feat_hallway,
          uniq_natasha
D:3:      layout_basic, nicolae_overflow_ecumenical_swirl,
          kennysheep_generic_room_5
D:4:      layout_rooms, lemuel_tele_altar, nicolae_vehumet_altar_sigil,
          nicolae_overflow_crystal_walls, temple_hall, nicolae_custom_books,
          minmay_ruptured
D:5:      layout_gridville, mainiacjoe_overflow_brackets, marbit_many_paths,
          minmay_misc_feat_tiny, minmay_misc_feat_columns, nrook_pool_corridor
Temple:   hellmonk_temple_beads

Skill      XL: |  1  2  3  4  5  6 |
---------------+-------------------+-----
Spellcasting   | 4 5 6 |  6.4
Conjurations   | 5 6 |  6.5
Translocations | 1 2 |  2.7
Alchemy        | 1 2 |  2.6
Dodging        | |  2.4
Stealth        | |  2.4

Action                     |  1- 3 |  4- 6 || total
---------------------------+-------+-------++-------
   Cast: Magic Dart        |    68 |    92 ||   160
         Searing Ray       |     3 |    17 ||    20
         Fulminant Prism   |       |     4 ||     4
         Iskenderun's Myst |       |     1 ||     1
    Use: Scroll            |       |     8 ||     8
 Armour: Robe              |       |    14 ||    14
  Dodge: Dodged            |       |    12 ||    12
